 Dungeon Crawl Stone Soup version 0.28.0-49-g6dfe1f597d (webtiles) character file.

Game seed: 15094724939849234192

128 fictitious the Sneak (level 5, 0/30 HPs)
             Began as a Kobold Brigand on May 16, 2022.
             Succumbed to a scorpion's poison
             ... on level 4 of the Dungeon.
             The game lasted 00:12:20 (3079 turns).

fictitious the Sneak (Kobold Brigand)               Turns: 3079, Time: 00:12:21

Health: 0/30       AC:  8    Str: 10    XL:     5   Next: 33%
Magic:  5/5        EV: 13    Int: 15    God:
Gold:   74         SH:  0    Dex: 17    Spells: 4/4 levels left

rFire   . . .      SeeInvis +   b - +7 hunting sling of Moderation {freeze, rC+ Int+3 SInv}
rCold   + . .      Faith    .   (no shield)
rNeg    . . .      Spirit   .   W - +0 acid dragon scales
rPois   .          Reflect  .   (no helmet)
rElec   .          Harm     .   l - +1 cloak
rCorr   +          Rampage  .   (no gloves)
Will    .....                   (no boots)
Stlth   ++++......              (no amulet)
HPRegen 0.10/turn               (no ring)
MPRegen 0.09/turn               (no ring)

@: lethally poisoned (0 -> -15)
A: small, no large weapons, nightstalker 3
a: no special abilities


You were on level 4 of the Dungeon.
You visited 1 branch of the dungeon, and saw 4 of its levels.

You collected 74 gold pieces.

Inventory:

Hand Weapons
 a - a +2 dagger
 b - the +7 hunting sling of Moderation (weapon) {freeze, rC+ Int+3 SInv}
   (You found it on level 2 of the Dungeon)

   Any ammunition fired from it freezes those it strikes, dealing additional
   cold damage.
   It can also slow down cold-blooded creatures.
   Int:       It affects your intelligence (+3).
   rC:        It protects you from cold.
   SInv:      It lets you see invisible.
 c - a +0 short sword
 f - a +0 dagger of freezing
 j - a +2 whip of freezing
Missiles
 d - 11 poisoned darts
 e - 2 curare-tipped darts
 i - 52 stones (quivered ammo)
Armour
 l - a +1 cloak (worn)
 n - a +0 robe
 W - +0 acid dragon scales (worn)
Wands
 A - a wand of acid (7)
Potions
 g - a potion of attraction
 o - a potion of heal wounds {unknown}


   Skills:
 - Level 2.1 Fighting
 - Level 4.9 Short Blades
 + Level 3.3(3.6) Slings
 - Level 2.1(3.2) Throwing
 - Level 1.2 Dodging
 - Level 5.3 Stealth


You had 4 spell levels left.
You didn't know any spells.
Your spell library was empty.

Dungeon Overview and Level Annotations

Branches:
Dungeon (4/15)
 Temple: D:4-7

Altars:

Annotations:
D:3 Ijyb, Robin


Innate Abilities, Weirdness & Mutations

You are small and have problems with some larger weapons.
You are completely attuned to the shadows.


Message History

An ogre comes into view. It is wielding a +0 giant spiked club.
The ogre shouts!
You hear a shout!
There is an open door here.
The scorpion stings you.
You are poisoned.
The scorpion poisons you!
You feel very sick.
You feel sick.
Okay, then.
Okay, then.
You feel sick.
You feel sick.
You feel sick. The scorpion barely misses you.
You feel sick.
You feel sick.
You feel sick.
You are no longer poisoned.
The scorpion stings you.
You are poisoned.
The scorpion poisons you!
As you read the scroll labelled DUBRA LOIKENN, it crumbles to dust.
It is a scroll of amnesia.
You feel forgetful for a moment.
You feel very sick. The scorpion stings you.
* * * LOW HITPOINT WARNING * * *
You are more poisoned.
The scorpion poisons you!
As you read the scroll labelled KEF VAXKIHASAT, it crumbles to dust.
The creatures around you are filled with an inner flame!
It was a scroll of immolation.
* * * LOW HITPOINT WARNING * * *
You feel very sick.
The scorpion stings you but does no damage.
As you read the scroll labelled TEUSU ZYSS, it crumbles to dust.
It is a scroll of enchant armour.
Your +0 cloak glows green for a moment.
You die...

.................#
####...#(........#
....†>..........#
.....#....).....#
.....####...##..#
####.#####.###..## ###
#.#..........# #...# #.#
........####s# #.#.#####.##.
........#..@.# #.#..........
........#.#### #.#.......##.
.#.....#.# #.##......#
........#.######.##..#####
##.#...........#.###.## .
#.#.####.####.#.###..#
.######^#.#..#......#.#....##
........#.##.#..##..#.#.....#
.....##.#
..........#.#.....##


You could see a scorpion (inner flame).

Vanquished Creatures
  A hound (D:3)
  2 adders
  A white imp (D:3)
  A worm (D:4)
  A dart slug (D:1)
  3 orcs (D:3)
  A ball python (D:2)
  8 bats
  6 endoplasms
  4 giant cockroaches
  6 goblins
  6 hobgoblins
  4 jackals
  2 quokkas
  8 kobolds
  5 rats
59 creatures vanquished.

Notes
Turn   | Place    | Note
-------+----------+-------------------------------------------
     0 | D:1      | fictitious the Kobold Brigand began the quest for the Orb.
     0 | D:1      | Reached XP level 1. HP: 12/12 MP: 1/1
     6 | D:1      | Noticed a scorpion
     6 | D:1      | Noticed a wolf
     6 | D:1      | Noticed a rime drake
    22 | D:1      | Noticed a salamander
    23 | D:1      | Noticed a swamp worm
   369 | D:1      | Reached XP level 2. HP: 17/17 MP: 2/2
   933 | D:1      | Reached XP level 3. HP: 21/21 MP: 3/3
  1107 | D:1      | Found a faded altar of an unknown god.
  1508 | D:2      | Identified the +7 hunting sling of Moderation {freeze, rC+
                  | Int+3 SInv}
  1906 | D:2      | Reached skill level 1 in Slings
  1933 | D:2      | Reached XP level 4. HP: 26/26 MP: 4/4
  2083 | D:3      | Noticed Robin
  2083 | D:3      | Noticed a centaur
  2323 | D:3      | Reached XP level 5. HP: 28/30 MP: 5/5
  2444 | D:3      | Noticed Ijyb
  2447 | D:3      | Paralysed by Ijyb for 2 turns
  2456 | D:3      | Paralysed by Ijyb for 5 turns
  2467 | D:3      | Paralysed by Ijyb for 7 turns
  3013 | D:4      | Noticed an ogre
  3079 | D:4      | Succumbed to a scorpion's poison

Illustrated notes

Levels and vault maps discovered:
D:1:      onia_arrival_zoo_common, layout_loops_ring,
          shapermc_ecumenical_altar_petra, minmay_hedge_maze
D:2:      layout_basic
D:3:      layout_basic, serial_shops, shop, uniq_grinder, uniq_robin, uniq_ijyb
D:4:      layout_basic, mainiacjoe_overflow_two_lobes

Skill      XL: |  1  2  3  4  5 |
---------------+----------------+-----
Short Blades   | 3 4 |  4.9
Slings         | 1 2 3 |  3.3
Fighting       | |  2.1
Throwing       | |  2.1
Dodging        | |  1.2
Stealth        | |  5.3

Action                   |  1- 3 |  4- 6 || total
-------------------------+-------+-------++-------
Melee: Dagger            |    62 |     7 ||    69
       Punch             |     1 |       ||     1
 Fire: Hunting sling     |    18 |    49 ||    67
Throw: Dart              |     5 |       ||     5
  Use: Scroll            |       |     6 ||     6
       Potion            |       |     1 ||     1
 Stab: Sleeping          |    10 |       ||    10
Armor: Robe              |     9 |       ||     9
       Acid dragon scale |     1 |     4 ||     5
Dodge: Dodged            |    25 |    11 ||    36
